 Dungeon Crawl Stone Soup version 0.28.0 (webtiles) character file.

Game seed: 13809299310871117135

2 Akaron the Sneak (level 1, 0/16 HPs)
             Began as an Octopode Delver on Feb 13, 2022.
             Slain by a bullfrog (7 damage)
             ... on level 7 of the Dungeon.
             The game lasted 00:00:42 (339 turns).

Akaron the Sneak (Octopode Delver)                   Turns: 339, Time: 00:00:43

Health: 0/16       AC:  1    Str: 11    XL:     1   Next: 30%
Magic:  1/1        EV: 13    Int: 12    God:
Gold:   0          SH:  0    Dex: 13    Spells: 0/0 levels left

rFire   . . .      SeeInvis .   a - +0 short sword
rCold   . . .      Faith    .   (no shield)
rNeg    . . .      Spirit   .   (helmet restricted)
rPois   .          Reflect  .   (no amulet)
rElec   .          Harm     .   (no ring)
rCorr   .          Rampage  .   (no ring)
Will    .....                   (no ring)
Stlth   ++++......              (no ring)
HPRegen 0.05/turn               (no ring)
MPRegen 0.07/turn               (no ring)
                                (no ring)
                                (no ring)

@: no status effects
A: almost no armour, amphibious, 8 rings, camouflage 1, gelatinous body 1,
(nimble swimmer 1), tentacles
a: no special abilities


You were on level 7 of the Dungeon.
You visited 1 branch of the dungeon, and saw 3 of its levels.

Inventory:

Hand Weapons
 a - a +0 short sword (weapon)
Magical Staves
 g - a staff of poison
Wands
 f - a wand of digging (3)
Scrolls
 b - a scroll of fog
 c - a scroll of magic mapping
 d - a scroll of fear
 h - a scroll of identify {unknown}
Potions
 e - a potion of haste


   Skills:
 + Level 3.0 Fighting
 + Level 2.0 Short Blades
 + Level 2.0 Dodging
 + Level 6.7 Stealth


You couldn't memorise any spells.
You didn't know any spells.
Your spell library was empty.

Dungeon Overview and Level Annotations

Branches:
Dungeon (7/15)
 Temple: D:4-7

Altars:
Trog

Shops:
D:6 :

Annotations:
D:6 Blork the orc
D:7 Harold


Innate Abilities, Weirdness & Mutations

You cannot wear most types of armour.
You are amphibious.
You can wear up to eight rings at the same time.
Your skin changes colour to match your surroundings (Stealth+).
Your rubbery body absorbs attacks. (AC +1, EV +1)
((You are camouflaged when in or above water. (Stealth+)))
You have tentacles for arms and can constrict up to eight enemies at once.


Message History

Blork the orc begins to cast a cantrip, but forgets the words!
There is a stone staircase leading down here.
You climb downwards.
Found a leather armour, a thin jewelled staff and 22 arrows.
There is a stone staircase leading up here.
You see here a +0 leather armour.
Found a scroll labelled MEUNUK FOFOMEZ.
You see here a staff of poison.
g - a staff of poison
h - a scroll labelled MEUNUK FOFOMEZ An orc comes into view.
It is wielding a +0 hand axe.
Found an escape hatch in the floor.
The orc completely misses you.
A bullfrog comes into view.
The orc barely misses you.
The bullfrog moves out of view.
You barely miss the orc. Your grab misses the orc. The orc closely misses you.
You hit the orc but do no damage. You grab the orc. You constrict the orc.
The orc hits you with a +0 hand axe.
The bullfrog gives a loud, deep croak!
You hit the orc but do no damage.
The orc is lightly wounded.
You constrict the orc.
You hear a shout!
Harold the Weathered comes into view.
He is wielding a +0 battleaxe and carrying a wand of charming (10).
The orc hits you with a +0 hand axe.
You barely miss the orc.
The orc is heavily wounded.
You constrict the orc. The orc closely misses you.
Harold shouts!
You hit the orc but do no damage.
The orc is almost dead.
You constrict the orc.
You kill the orc!
You hear a bellow!
You hear a shout!
You hear a bellow!
Harold considers, "I think I'll use your bounty to get a nice plot of land..."
Things that are here:
a +0 hand axe; a +0 ring mail The bullfrog barely misses you.
The bullfrog hits you!
You die...

##.>........# #
...........# ..#
#..........# #...
#..........#
#..##..........#
#......@.......#
#.)........#
#...###.##
###.F@..###########
#####.#.........#
#...........#
#...........#
#.#.........#
#.#.........#
######<#.........#
#......[.........#
...####.#(........#


You could see a bullfrog.

Vanquished Creatures
  An orc (D:7)
1 creature vanquished.

Notes
Turn   | Place    | Note
-------+----------+-------------------------------------------
     0 | D:5      | Akaron the Octopode Delver began the quest for the Orb.
     0 | D:5      | Reached XP level 1. HP: 16/16 MP: 1/1
    29 | D:5      | Found a bloodstained altar of Trog.
    44 | D:5      | Noticed a jelly
    51 | D:6      | Found Pingam's Book Shop.
   280 | D:6      | Noticed Blork the orc
   330 | D:7      | Noticed a bullfrog
   333 | D:7      | Noticed Harold
   339 | D:7      | Slain by a bullfrog

Illustrated notes

Levels and vault maps discovered:
D:5:      layout_cave_pools, mainiacjoe_overflow_paths, kennysheep_mini,
          grunt_decor_mini_mirrors
D:6:      layout_basic, mainiacjoe_overflow_tiny_flanked, serial_shops,
          nicolae_stop_n_shop_1, uniq_blork_the_orc, uniq_maggie,
          uniq_prince_ribbit1
D:7:      layout_rooms, serial_shops, nicolae_shop_behind_doors,
          grunt_ministairs_14, uniq_harold

Action                   || total
-------------------------++-------
Melee: Short sword       ||     5
       Constrict         ||     1
Dodge: Dodged            ||     6
